 Dungeon Crawl Stone Soup version 0.18.1-8-gdd0e5ea (webtiles) character file.

501 jacquesderrida the Poker (level 6, -5/44 HPs)
             Began as a Demonspawn Skald on May 22, 2016.
             Shot with an arrow by a centaur (13 damage)
             ... on level 5 of the Dungeon.
             The game lasted 00:06:33 (1533 turns).

jacquesderrida the Poker (Demonspawn Skald)         Turns: 1533, Time: 00:06:36

Health: -5/44      AC:  6    Str: 12    XL:     6   Next: 95%
Magic:  5/9        EV: 11    Int: 13    God:
Gold:   88         SH:  0    Dex: 15    Spells: 2 memorised, 5 levels left

rFire  . . .     SeeInvis .     v - +0 trident
rCold  + . .     Gourm    .     w - +0 leather armour {rC+}
rNeg   . . .     Faith    .     (no shield)
rPois  .         Spirit   .     (no helmet)
rElec  .         Dismiss  .     m - +0 cloak
rCorr  .         Reflect  .     k - +0 pair of gloves
SustAt .         Harm     .     u - +0 pair of boots
MR     .....                    (no amulet)
Stlth  ++........               (no ring)
                                (no ring)

@: not resistant to hostile enchantments, unstealthy
A: nightstalker 1, powered by death 2
a: no special abilities


You were on level 5 of the Dungeon.
You were hungry.

You visited 1 branch of the dungeon, and saw 5 of its levels.

You collected 88 gold pieces.

Inventory:

Hand Weapons
 a - a +0 spear
 p - a +0 quarterstaff
 v - a +0 trident (weapon)
Armour
 b - a +0 leather armour
 k - a +0 pair of gloves (worn)
 m - a +0 cloak (worn)
 u - a +0 pair of boots (worn)
 w - a +0 leather armour of cold resistance (worn)
Jewellery
 g - an uncursed ring of poison resistance {unknown}
Wands
 n - a wand of paralysis (16/24)
Scrolls
 l - a scroll of immolation
 o - a scroll of magic mapping {unknown}
 q - a scroll of enchant weapon {unknown}
 r - a scroll of enchant armour {unknown}
 t - a scroll of identify {unknown}
 x - a scroll of teleportation {unknown}
Potions
 e - 2 potions of curing
 f - a potion of agility {unknown}
Books
 c - a book of Battle

   Spells                             Type                      Level
   a - Infusion                       Charms                       1
   b - Shroud of Golubria             Charms/Translocation         2
   c - Song of Slaying                Charms                       2
   d - Spectral Weapon                Hexes/Charms                 3
   e - Regeneration                   Charms/Necromancy            3
Comestibles
 d - 5 bread rations
 h - a beef jerky
 i - a royal jelly
 j - a meat ration
 s - 2 chunks of flesh


   Skills:
 - Level 2.2 Fighting
 + Level 5.5 Polearms
 - Level 0.8 Armour
 - Level 0.8 Dodging
 - Level 2.0 Spellcasting
 + Level 3.7 Hexes
 - Level 3.0 Charms


You had 5 spell levels left.
You knew the following spells:

 Your Spells              Type           Power        Failure   Level  Hunger
a - Infusion              Chrm           #...         12%         1    ##.....
b - Spectral Weapon       Hex/Chrm       ##......     28%         3    ####...


Dungeon Overview and Level Annotations

Branches:
Dungeon (5/15)
 Temple: D:4-7

Altars:
Cheibriados
Dithmenos
Elyvilon
Qazlal
Sif Muna
Trog
The Shining One

Annotations:
D:3 Arantyr's ghost, amateur SpEn
D:5 Pikel


Innate Abilities, Weirdness & Mutations

You are slightly more attuned to the shadows.
You regenerate health from kills.


Message History

The slave hits you!
* * * LOW HITPOINT WARNING * * *
A slave comes into view.
The slave shouts!
You hit the slave.
The slave is heavily wounded.
Your spectral weapon hits the slave from afar!
The slave barely misses you.
You miss the slave.
The slave is almost dead.
Your spectral weapon closely misses the slave.
The slave hits you!
* * * LOW HITPOINT WARNING * * *
You barely miss the slave.
The slave is almost dead.
Your spectral weapon hits the slave from afar.
You kill the slave!
That felt strangely unrewarding.
The centaur shoots an arrow.
The arrow hits you!
You die...

##...## #..#.# #..# #
#.....### #..#.###..# #
#..._...#####.........# #
##....._.#...†....###..#####
...........####.### #...)...
#._..⌠.._.## #.# #...##.#
h.........# #.# #.#.##.#
#.._(.._.######.# #...##.#
#...._.p(K[@(...# #.####.#
#.......†c####### #. #.#
#.#####.#.# # #.# # #..c.
#...c. p...... .........


You could see Pikel, a slave, a centaur and a friendly spectral trident.

Vanquished Creatures
  2 slaves (D:5)
  A centaur (D:5)
  A scorpion (D:4)
  A jelly (D:5)
  A giant frog skeleton (D:4)
  2 orc wizards (D:5)
  3 worker ants
  A killer bee zombie (D:5)
  A gnoll (D:4)
  8 adders
  2 howler monkey skeletons
  An ooze (D:1)
  A worm (D:2)
  4 giant geckos
  10 orcs
  5 bats
  A giant cockroach (D:3)
  4 goblins
  4 hobgoblins
  10 jackals
  5 kobolds
  2 quokkas
  2 ball pythons (D:4)
  2 giant newts
  3 rats
77 creatures vanquished.

Vanquished Creatures (others)
  A spectral weapon (D:5)
1 creature vanquished.

Grand Total: 78 creatures vanquished

Notes
Turn   | Place    | Note
--------------------------------------------------------------
     0 | D:1      | jacquesderrida the Demonspawn Skald began the quest for the Orb.
     0 | D:1      | Reached XP level 1. HP: 16/16 MP: 3/3
   232 | D:1      | Gained mutation: You regenerate a little health from kills. [demonic ancestry]
   232 | D:1      | Reached XP level 2. HP: 13/22 MP: 5/5
   262 | D:1      | Reached skill level 2 in Polearms
   525 | D:3      | Reached XP level 3. HP: 27/27 MP: 2/6
   789 | D:3      | Noticed Arantyr's ghost (amateur SpEn)
   864 | D:2      | Reached skill level 3 in Polearms
   980 | D:3      | Gained mutation: You are slightly more attuned to the shadows. [demonic ancestry]
   980 | D:3      | Reached XP level 4. HP: 16/33 MP: 2/7
  1044 | D:4      | Reached skill level 4 in Polearms
  1051 | D:4      | Learned a level 3 spell: Spectral Weapon
  1133 | D:4      | Reached skill level 1 in Hexes
  1133 | D:4      | Reached XP level 5. HP: 30/38 MP: 2/8
  1258 | D:5      | Entered Level 5 of the Dungeon
  1265 | D:5      | Gained mutation: You regenerate health from kills. [demonic ancestry]
  1265 | D:5      | Reached XP level 6. HP: 41/44 MP: 9/9
  1323 | D:5      | Reached skill level 5 in Polearms
  1465 | D:5      | Found a glowing golden altar of the Shining One.
  1471 | D:5      | Found a white marble altar of Elyvilon.
  1472 | D:5      | Found a deep blue altar of Sif Muna.
  1473 | D:5      | Found a bloodstained altar of Trog.
  1473 | D:5      | Found a stormy altar of Qazlal.
  1474 | D:5      | Found a shadowy altar of Dithmenos.
  1475 | D:5      | Found a snail-covered altar of Cheibriados.
  1500 | D:5      | Noticed a slave
  1503 | D:5      | Noticed a slave
  1526 | D:5      | Noticed Pikel
  1528 | D:5      | Killed a slave
  1531 | D:5      | Noticed a slave
  1533 | D:5      | Killed a slave
  1533 | D:5      | Shot with an arrow by a centaur

Skill      XL: |  1  2  3  4  5  6 |
---------------+-------------------+-----
Charms         | 3 |  3.0
Polearms       | 2 3 4 5 |  5.5
Hexes          | 1 2 3 |  3.7
Fighting       | |  2.2
Armour         | |  0.8
Dodging        | |  0.8
Spellcasting   | |  2.0

Action                   |  1- 3 |  4- 6 || total
-------------------------+-------+-------++-------
Melee: Spear             |   157 |    43 ||   200
       Quarterstaff      |       |    37 ||    37
       Trident           |       |    70 ||    70
 Cast: Infusion          |     4 |     3 ||     7
       Spectral Weapon   |       |     7 ||     7
  Use: Potion            |     1 |       ||     1
       Scroll            |     1 |       ||     1
 Stab: Sleeping          |       |     3 ||     3
  Eat: Chunk             |     1 |     2 ||     3
Armor: Leather armour    |    34 |    36 ||    70
Dodge: Dodged            |    69 |    87 ||   156
